 Dungeon Crawl Stone Soup version 0.31-a0-765-g67fe2935dc (webtiles) character file.

Game seed: 10618948422653294765

34829 Dittersdorf the Warrior (level 13, -2/92 HPs)
             Began as a Gargoyle Fighter on Sept 14, 2023.
             Was an Initiate of Gozag.
             Slain by a komodo dragon (19 damage)
             ... on level 2 of the Lair of Beasts on Sept 15, 2023.
             The game lasted 00:26:02 (12698 turns).

Dittersdorf the Warrior (Gargoyle Fighter)         Turns: 12698, Time: 00:26:03

Health: -2/92      AC: 31    Str: 26    XL:     13   Next: 79%
Magic:  13/13      EV:  7    Int: 11    God:    Gozag
Gold:   2476       SH:  7    Dex: 15    Spells: 12/12 levels left

rFire   . . .        a - +1 morningstar (drain)
rCold   . . .        c - +0 buckler
rNeg    + . .        r - +0 plate armour
rPois   ∞            (no helmet)
rElec   +            y - +1 cloak
rCorr   +            i - +1 pair of gloves {Str+3}
SInv    .            z - +0 pair of boots
Will    .....        x - amulet of regeneration Stlth
                     B - +6 ring of dexterity
HPRegen 1.15/turn    n - ring of resist corrosion
MPRegen 0.13/turn

%: no passive effects
@: no status effects
A: sickness immunity, AC +9, negative energy resistance 1, electricity
resistance, torment resistance 1, petrification resistance
a: Renounce Religion, Potion Petition, Call Merchant, Bribe Branch


You were on level 2 of the Lair of Beasts.
You worshipped Gozag.
Gozag was most pleased with you.
You visited 3 branches of the dungeon, and saw 15 of its levels.
You also visited: Sewer and Bailey.

You collected 2956 gold pieces.
You spent 196 gold pieces at shops.
You paid 284 gold pieces to Gozag.

Inventory:

Hand Weapons
 a - a +1 morningstar of draining (weapon)
Missiles
 u - 3 curare-tipped darts (quivered)
Armour
 c - a +0 buckler (worn)
 i - a +1 pair of gloves of strength (worn)
 r - a +0 plate armour (worn)
 y - a +1 cloak (worn)
 z - a +0 pair of boots (worn)
Jewellery
 n - a ring of resist corrosion (right hand)
 x - an amulet of regeneration (around neck)
 B - a +6 ring of dexterity (left hand)
Wands
 e - a wand of acid (3)
 g - a wand of digging (17)
 h - a wand of flame (13)
 v - a wand of roots (7)
Scrolls
 b - a scroll of blinking
 k - 4 scrolls of teleportation
 q - a scroll of identify
 A - a scroll of fear
 D - 2 scrolls of fog
Potions
 d - 2 potions of might
 f - 3 potions of haste
 j - 2 potions of curing
 l - 4 potions of heal wounds
 m - 2 potions of berserk rage {unknown}
 o - 6 potions of ambrosia
 p - 3 potions of magic {unknown}
 s - 3 potions of mutation
 t - 2 potions of lignification {unknown}
 w - 3 potions of resistance
 C - a potion of brilliance


   Skills:
 + Level 15.4 Fighting
 + Level 11.1 Maces & Flails
 + Level 12.2 Armour
 + Level 12.3 Shields


You had 12 spell levels left.
You didn't know any spells.
Your spell library contained the following spells:

 Spells                   Type           Power      Damage    Failure   Level
 Apportation              Tloc           0%         N/A       97%         1
 Shock                    Conj/Air       0%         1d3       97%         1
 Jinxbite                 Hex            0%         N/A       99%         2
 Lesser Beckoning         Tloc           0%         N/A       99%         2
 Poisonous Vapours        Pois/Air       0%         N/A       99%         2
 Static Discharge         Conj/Air       0%         2-2/arc   99%         2
 Dazzling Flash           Conj/Hex       0%         N/A       100%        3
 Gell's Gravitas          Tloc           0%         N/A       100%        3
 Mephitic Cloud           Conj/Pois/Air  0%         N/A       100%        3
 Summon Guardian Golem    Hex/Summ       0%         N/A       100%        3
 Swiftness                Air            0%         N/A       100%        3
 Teleport Other           Tloc           0%         N/A       100%        3
 Airstrike                Air            0%         2d(0-16)  100%        4
 Summon Ice Beast         Ice/Summ       0%         N/A       100%        4
 Summon Lightning Spire   Summ/Air       0%         N/A       100%        4
 Agony                    Necr           0%         N/A       100%        5
 Alistair's Intoxication  Tmut/Pois      0%         N/A       100%        5
 Freezing Cloud           Conj/Ice/Air   0%         6-21      100%        5
 Silence                  Hex/Air        0%         N/A       100%        5
 Summon Mana Viper        Hex/Summ       0%         N/A       100%        5
 Monstrous Menagerie      Summ           0%         N/A       100%        7
 Orb of Destruction       Conj           0%         9d5       100%        7
 Spellforged Servitor     Conj/Summ      0%         N/A       100%        7


Dungeon Overview and Level Annotations

Branches:
Dungeon (12/15)            Temple (1/1) D:5            Lair (2/5) D:8
  Snake (0/4) Lair:2        Sewer (visited)          Bailey (visited)
  Swamp: Lair:2-3    Shoals: Lair:2-3       Orc: D:9-12

Altars:
Ashenzari
Cheibriados
Dithmenos
Elyvilon
Fedhas
Gozag
Hepliaklqana
Kikubaaqudgha
Makhleb
Nemelex Xobeh
Okawaru
Qazlal
Ru
Sif Muna
Trog
Uskayaw
Vehumet
Wu Jian
Xom
Yredelemnul
Zin
The Shining One

Shops:
D:3 :   D:6 :   D:7 (


Innate Abilities, Weirdness & Mutations

You are immune to sickness and miasma.
Your stone body is resilient. (AC +9)
You are immune to poison.
You resist negative energy. (rN+)
You are resistant to electric shocks. (rElec)
You are resistant to unholy torment.
You are immune to petrification.


Message History

The spriggan blocks your attack. You block the komodo dragon's attack.
The polar bear bites you but does no damage.
The polar bear claws you but does no damage. x2
The spriggan hits you with a +0 rapier!
You barely miss the spriggan. You block the komodo dragon's attack.
The polar bear bites you but does no damage.
You block the polar bear's attack.
The polar bear claws you but does no damage.
The spriggan hits you with a +0 rapier.
You miss the spriggan. The komodo dragon bites you!!
The polar bear barely misses you. x2
The polar bear claws you but does no damage.
The spriggan hits you but does no damage.
You are too injured to fight recklessly!
You are too injured to fight recklessly!
You are too injured to fight recklessly!
You are too injured to fight recklessly!
You are too injured to fight recklessly!
You are too injured to fight recklessly!
You are too injured to fight recklessly!
You are too injured to fight recklessly!
You are too injured to fight recklessly!
You are too injured to fight recklessly!
You are too injured to fight recklessly!
You are too injured to fight recklessly!
You are too injured to fight recklessly!
You are too injured to fight recklessly!
You are too injured to fight recklessly!
You are too injured to fight recklessly!
You are too injured to fight recklessly!
You are too injured to fight recklessly!
The komodo dragon attacks as it pursues you!
The komodo dragon barely misses you.
The komodo dragon attacks as it pursues you!
The komodo dragon bites you!!
* * * LOW HITPOINT WARNING * * *
The komodo dragon attacks as it pursues you!
The komodo dragon bites you!!
You die...
Your body crumbles into a pile of gold.

...###......>..#♣...P.......♣....
....#............♣......P..♣♣.#.#
..>'.#........................#..
...#...........♣................#
...#.P........♣...P.P..P.........
#####.........♣.......P..........
.# ######+.♣♣P.....#####........
.# #...[P....h#..$#........ .##
###....@l..i.(.#........ ..#
##.#........#..(#.P...... .+###
###.......P...#####......♣# ....#
#.+....♣.................♣#
...####.#.....♣..P....P........#
...###P......................♣♣#
.....#..#.................P...##
...'....#..................P...#
...P#####........♣♣....P..♣.##.#


You could see a polar bear, a komodo dragon and a spriggan.

Vanquished Creatures
  An orc warlord (Bailey)
  3 hydras (Lair:2)
  A two-headed ogre (D:10)
  12 death yaks (Lair:1)
  Sonja (Lair:1)
  An orc knight (Bailey)
  A gargoyle (D:10)
  7 cane toads
  3 komodo dragons
  A troll (D:10)
  A queen bee (Lair:2)
  3 blink frogs (Lair:1)
  4 slime creatures (D:12)
  2 wyverns
  31 yaks
  2 basilisks (Lair:2)
  A steam dragon (D:9)
  2 wargs (D:8)
  Edmund (D:5)
  3 nagas (Lair:2)
  4 acid dragons
  10 water moccasins
  12 orc warriors
  2 black bears
  13 wolves
  An ogre (D:5)
  3 centaurs
  A phantom (D:4)
  2 kobold brigands
  3 scorpions
  6 bullfrogs
  A gnoll sergeant (D:9)
  14 killer bees (Lair:2)
  2 howler monkeys
  Crazy Yiuf (D:3)
  A hound (D:5)
  4 orc priests
  2 gnoll boudas
  A sleepcap (D:7)
  7 orc wizards
  Ijyb (D:5)
  14 gnolls
  16 adders
  4 river rats
  A shadow imp (D:6)
  2 white imps
  An ufetubus (D:5)
  2 adder zombies (D:2)
  2 adder skeletons (D:2)
  38 orcs
  8 ball pythons
  A bat zombie (D:2)
  8 endoplasms
  4 giant cockroaches
  20 goblins
  20 hobgoblins
  10 jackals
  22 kobolds
  6 quokkas
  A ball python skeleton (D:2)
  A ball python zombie (D:2)
  4 bats
  11 frilled lizards
  A giant cockroach zombie (D:2)
  A quokka zombie (D:2)
  17 rats
387 creatures vanquished.

Notes
Turn   | Place    | Note
-------+----------+-------------------------------------------
     0 | D:1      | Dittersdorf the Gargoyle Fighter began the quest for the
                  | Orb.
     0 | D:1      | Reached XP level 1. HP: 14/14 MP: 1/1
    80 | D:1      | Reached XP level 2. HP: 18/19 MP: 2/2
   290 | D:1      | Reached XP level 3. HP: 23/23 MP: 3/3
   697 | D:2      | Reached XP level 4. HP: 28/29 MP: 4/4
  1026 | D:2      | Reached skill level 4 in Fighting
  1514 | D:3      | Found Teniaq's Book Emporium.
  1599 | D:3      | Reached XP level 5. HP: 33/33 MP: 5/5
  1917 | D:3      | Found a runed translucent door.
  1918 | D:3      | Noticed Crazy Yiuf
  1999 | D:3      | Killed Crazy Yiuf
  2148 | D:4      | Noticed a black bear
  2162 | D:4      | Killed a black bear
  2163 | D:4      | Reached XP level 6. HP: 36/39 MP: 6/6
  2284 | D:4      | Found a glowing drain.
  2288 | Sewer    | Entered a sewer
  2712 | Sewer    | Reached skill level 5 in Shields
  3180 | D:4      | Reached skill level 5 in Fighting
  3180 | D:4      | Reached skill level 5 in Armour
  3180 | D:4      | Reached XP level 7. HP: 44/44 MP: 7/7
  3743 | D:5      | Entered Level 5 of the Dungeon
  3963 | D:5      | Found a staircase to the Ecumenical Temple.
  3972 | Temple   | Entered the Ecumenical Temple
  3979 | Temple   | Became a worshipper of Gozag Ym Sagoz the Greedy
  4183 | D:5      | Noticed Ijyb
  4217 | D:4      | Reached XP level 8. HP: 48/51 MP: 8/8
  4233 | D:5      | Paralysed by Ijyb for 5 turns
  4238 | D:5      | Killed Ijyb
  4483 | D:5      | Noticed Edmund
  4494 | D:5      | Killed Edmund
  4495 | D:5      | Reached skill level 6 in Fighting
  4495 | D:5      | Reached skill level 5 in Maces & Flails
  5075 | D:6      | Found Huyd's Self-Improvement Boutique.
  5503 | D:6      | Found a sacrificial altar of Ru.
  5503 | D:6      | Found a burning altar of Makhleb.
  5504 | D:6      | Found a stormy altar of Qazlal.
  5647 | D:6      | Found a shimmering altar of Xom.
  5647 | D:6      | Found a hazy altar of Hepliaklqana.
  5647 | D:6      | Found a glowing golden altar of the Shining One.
  5648 | D:6      | Upgraded the game from 0.31-a0-750-gfe7b580527 to
                  | 0.31-a0-765-g67fe2935dc
  5649 | D:6      | Found an ornate altar of the Wu Jian Council.
  5649 | D:6      | Found an iron altar of Okawaru.
  5649 | D:6      | Found a broken altar of Ashenzari.
  6081 | D:7      | Reached XP level 9. HP: 44/56 MP: 9/9
  6341 | D:7      | Reached skill level 7 in Fighting
  6391 | D:7      | Found Joblayq's Antique Weapon Shoppe.
  6395 | D:7      | Bought a runed morningstar for 196 gold pieces
  7165 | D:8      | Found a staircase to the Lair.
  7366 | D:9      | Reached skill level 8 in Fighting
  7383 | D:9      | Reached XP level 10. HP: 62/64 MP: 10/10
  7401 | D:9      | Noticed a brown ugly thing
  7401 | D:9      | Noticed a gargoyle
  7401 | D:9      | Noticed a two-headed ogre
  7401 | D:9      | Noticed a fire crab
  7402 | D:9      | Noticed a centaur warrior
  7405 | D:9      | Noticed a two-headed ogre
  7405 | D:9      | Noticed a four-headed hydra
  7405 | D:9      | a tarantella changed into a salamander
  7405 | D:9      | Noticed a salamander (shapeshifter)
  7405 | D:9      | Noticed a seven-headed hydra
  7417 | D:9      | Noticed a manticore
  7418 | D:9      | Noticed an elephant
  7418 | D:9      | Noticed an orb spider
  7428 | D:9      | Noticed a salamander
  7559 | D:9      | Found a flagged portal.
  7578 | Bailey   | Entered a bailey
  7716 | Bailey   | Reached skill level 9 in Fighting
  7719 | Bailey   | Noticed an orc knight
  7741 | Bailey   | Killed an orc knight
  7933 | Bailey   | Noticed an orc warlord
  7984 | Bailey   | Killed an orc warlord
  7985 | Bailey   | Reached XP level 11. HP: 22/72 MP: 11/11
  8152 | Bailey   | Reached skill level 13 in Fighting
  8152 | Bailey   | Reached XP level 12. HP: 84/84 MP: 12/12
  8816 | D:9      | Noticed an ice dragon
  9102 | D:9      | Noticed a minotaur
  9126 | D:10     | Entered Level 10 of the Dungeon
  9246 | D:10     | Noticed a two-headed ogre
  9253 | D:10     | Killed a two-headed ogre
  9254 | D:10     | Reached skill level 10 in Armour
  9254 | D:10     | Reached skill level 10 in Shields
  9565 | D:10     | You fall into a shaft and drop 2 floors!
 10601 | Lair:1   | Entered Level 1 of the Lair of Beasts
 10611 | Lair:1   | Reached skill level 14 in Fighting
 10889 | Lair:1   | Noticed a death yak
 10912 | Lair:1   | Killed a death yak
 11033 | Lair:1   | Noticed a death yak
 11033 | Lair:1   | Noticed a death yak
 11033 | Lair:1   | Noticed a death yak
 11055 | Lair:1   | Killed a death yak
 11062 | Lair:1   | Killed a death yak
 11068 | Lair:1   | Noticed a death yak
 11076 | Lair:1   | Killed a death yak
 11077 | Lair:1   | Noticed a death yak
 11078 | Lair:1   | Noticed a death yak
 11083 | Lair:1   | Noticed a death yak
 11083 | Lair:1   | Noticed a death yak
 11092 | Lair:1   | Killed a death yak
 11093 | Lair:1   | Reached skill level 10 in Maces & Flails
 11093 | Lair:1   | Noticed a death yak
 11101 | Lair:1   | Noticed a death yak
 11111 | Lair:1   | Noticed a death yak
 11112 | Lair:1   | Killed a death yak
 11113 | Lair:1   | Reached XP level 13. HP: 44/91 MP: 13/13
 11314 | Lair:1   | Reached skill level 15 in Fighting
 11316 | Lair:1   | Noticed Sonja
 11327 | Lair:1   | Killed Sonja
 11964 | Lair:2   | Found a staircase to the Snake Pit.
 12698 | Lair:2   | Slain by a komodo dragon

Illustrated notes

Levels and vault maps discovered:
D:1:      ldierk_walled_garden, layout_rooms
D:2:      layout_loops_ring, serial_undead, serial_undead_d, serial_undead_f,
          serial_undead_d, serial_undead_f, minmay_hedge_maze
D:3:      minmay_door_path, layout_basic, serial_shops,
          nicolae_book_shop_shelving, uniq_crazy_yiuf_cottage
D:4:      layout_loops_ring, gup_sewer_entry_spiral
D:5:      layout_layer_cave, minmay_temple_entry_sparse_star, uniq_duvessa,
          uniq_edmund, uniq_ijyb
D:6:      layout_cave_pods, nicolae_overflows_in_rows, nicolae_shop_self_help
D:7:      layout_rooms, serial_shops, nicolae_shop_back_alley_shop
D:8:      layout_basic, erik_lair_orcish_takeover
D:9:      layout_cave_pools, enter_bailey_4, serial_rivers,
          chequers_serial_rivers_large_b, chequers_serial_rivers_micro_b,
          chequers_serial_rivers_micro_c, chequers_serial_rivers_micro_b,
          minivault_12
D:10:     layout_loops_ring
D:11:     minmay_twisted_water, layout_gridville, minmay_misc_feat_x,
          kennysheep_minor_cross, palyth_stone_intersect, jiyva_altar_1
D:12:     layout_roguey, david_orc_1_choice, gammafunk_ghost_necromancy
Temple:   nicolae_temple_ecumenical_triangle
Lair:1:   layout_regular_city, serial_bayou_lagoon_a, dreamdust_gnoll_shepherd,
          lemuel_fruit_tree, uniq_sonja
Lair:2:   layout_roguey, minmay_snake_entry_guardpost_small, special_room
          [special_room_bee], grunt_forest_large_clearing_hut

Skill      XL: |  1  2  3  4  5  6  7  8  9 10 11 12 13 |
---------------+----------------------------------------+-----
Shields        | 4 5 6 8 9 11 12 | 12.3
Armour         | 4 5 6 8 9 11 12 | 12.2
Fighting       | 4 5 6 8 9 13 14 15 | 15.4
Maces & Flails | 3 4 5 7 8 10 11 | 11.1

Action                     |  1- 3 |  4- 6 |  7- 9 | 10-12 | 13-15 || total
---------------------------+-------+-------+-------+-------+-------++-------
  Melee: Flail             |   141 |   436 |   228 |       |       ||   805
         Morningstar       |       |       |   118 |   490 |   291 ||   899
  Throw: Dart              |       |     6 |     1 |     1 |       ||     8
 Invoke: Potion Petition   |       |       |       |     1 |       ||     1
  Evoke: Wand              |       |       |       |     9 |     3 ||    12
    Use: Scroll            |       |     1 |    18 |     3 |     2 ||    24
         Potion            |       |       |       |     3 |       ||     3
   Stab: Distracted        |       |       |       |     3 |     3 ||     6
 Armour: Scale mail        |   133 |    16 |       |       |       ||   149
         Chain mail        |       |   318 |   289 |   230 |       ||   837
         Plate armour      |       |       |       |   179 |   321 ||   500
  Dodge: Dodged            |    90 |   185 |   153 |   160 |   101 ||   689
  Block: Buckler           |    30 |   277 |   156 |   159 |   133 ||   755
         Reflection        |       |     1 |     2 |       |       ||     3

Table legend: (Time is in decaauts)
 A = Elapsed time spent in this place.
 B = Non-inter-level travel time spent in this place.
 C = Inter-level travel time spent in this place.
 D = Time resting spent in this place.
 E = Time spent auto-exploring this place.
 F = Levels seen in this place.
 G = Mean time per level.
                   A        B        C        D        E       F      G
               +--------+--------+--------+--------+--------+-----+--------+
         Total |  13246 |  12627 |    619 |    409 |   8313 |  17 |  779.2 |
       Dungeon |   9474 |   8911 |    563 |    278 |   6454 |  12 |  789.5 |
        Temple |     14 |      2 |     12 |      0 |      0 |   1 |   14.0 |
          Lair |   2100 |   2056 |     44 |     49 |   1280 |   2 | 1050.0 |
         Sewer |   1038 |   1038 |      0 |      0 |    556 |   1 | 1038.0 |
        Bailey |    617 |    617 |      0 |     82 |     22 |   1 |  617.0 |
               +--------+--------+--------+--------+--------+-----+--------+

Top non-repeatable levels by time:
    D:10: 1330 daAuts
     D:9: 1292 daAuts
     D:5: 1189 daAuts
  Lair:1: 1110 daAuts
     D:4: 1101 daAuts
   Sewer: 1038 daAuts
  Lair:2: 990 daAuts
     D:2: 963 daAuts
     D:6: 924 daAuts
     D:8: 898 daAuts
  Bailey: 617 daAuts
     D:3: 604 daAuts
     D:1: 560 daAuts
     D:7: 508 daAuts
    D:12: 96 daAuts
